 Dungeon Crawl Stone Soup version 0.21.0-25-ge575cb9 (webtiles) character file.

1319 SedStubbie the Conjurer (level 8, -19/57 HPs)
             Began as a Demigod Conjurer on Jan 24, 2018.
             Demolished by an orc knight
             ... wielding a +0 glaive
              (43 damage)
             ... in a bailey.
             The game lasted 00:21:21 (6501 turns).

SedStubbie the Conjurer (Demigod Conjurer)          Turns: 6501, Time: 00:21:21

Health: -19/57     AC:  5    Str: 11    XL:     8   Next: 11%
Magic:  13/19      EV: 16    Int: 23    God:
Gold:   296        SH:  0    Dex: 16    Spells: 14/17 levels left

rFire    . . .     SeeInvis .   f - +0 dagger (venom)
rCold    . . .     Gourm    .   (no shield)
rNeg     . . .     Faith    .   a - +1 robe
rPois    +         Spirit   .   n - +1 helmet
rElec    .         Reflect  .   (no cloak)
rCorr    .         Harm     .   (no gloves)
MR       .....                  (no boots)
Stlth    ++........             h - amulet of inaccuracy (curse)
HPRegen  0.19/turn              l - ring of poison resistance
MPRegen  0.16/turn              k - ring of wizardry

@: no status effects
A: high mp 1
a: no special abilities


You were in a bailey.
You were not hungry.

You visited 1 branch of the dungeon, and saw 7 of its levels.
You also visited: Bailey.

You collected 296 gold pieces.

Inventory:

Hand Weapons
 f - a +0 dagger of venom (weapon)
Armour
 a - a +1 robe (worn)
 n - a +1 helmet (worn)
 o - a +2 leather armour of magic resistance
Jewellery
 d - an uncursed ring of fire
 h - a cursed amulet of inaccuracy (around neck)
 k - a ring of wizardry (right hand)
 l - a ring of poison resistance (left hand)
 m - an uncursed ring of fire
 r - an uncursed amulet of magic regeneration {unknown}
 u - an uncursed ring of ice
Scrolls
 g - a scroll of amnesia
 i - 4 scrolls of identify
Potions
 e - a potion of curing
 j - 2 potions of might
 p - 2 potions of agility
 v - a potion of lignification {unknown}
 w - 2 potions of heal wounds
Books
 b - a book of Conjurations

   Spells                             Type                      Level
   a - Magic Dart                     Conjuration                  1
   b - Searing Ray                    Conjuration                  2
   c - Dazzling Spray                 Conjuration/Hexes            3
   d - Fulminant Prism                Conjuration/Hexes            4
   e - Force Lance                    Conjuration/Translocation    4
   f - Iskenderun's Mystic Blast      Conjuration                  4
Comestibles
 c - 7 rations


   Skills:
 + Level 5.5 Dodging
 - Level 2.0 Stealth
 + Level 5.1 Spellcasting
 + Level 6.4 Conjurations


You had 14 spell levels left.
You knew the following spells:

 Your Spells              Type           Power        Failure   Level  Hunger
a - Magic Dart            Conj           ####         1%          1    None
b - Searing Ray           Conj           #####.       1%          2    None


Dungeon Overview and Level Annotations

Branches:
Dungeon (7/15)             Temple (0/1) D:5


Innate Abilities, Weirdness & Mutations

You have an increased reservoir of magic. (+10% MP)


Message History

The orc knight is lightly wounded.
Casting: Magic Dart
Confirm with . or Enter, or press ? or * to list all spells.
Aiming: Searing Ray
Press: ? - help, Shift-Dir - straight line, f/p - orc knight
Aim: an orc knight, wielding a glaive and wearing a runed scale mail (lightly wounded, unusually strong)
The searing ray hits the orc knight.
The orc knight is lightly wounded. (Press . to maintain the ray.)
The orc knight roars a battlecry!
The orc warrior hits you from afar with a bardiche.
The searing ray hits the orc knight.
The orc knight is lightly wounded.
The orc knight hits you from afar with a glaive!!
Ouch! That really hurt!
The orc closely misses you. The orc warrior completely misses you.
The orc knight hits you from afar with a glaive!!!
Ouch! That really hurt!
You die...

#### ##∩## ####
....##...##....
≈≈≈..#...#..≈≈≈
≈o≈≈.......≈≈o≈
o∩o≈.......≈o∩o
≈o≈≈.......≈≈o≈


#ooo# #.∩.# ##@## ### You could see an orc knight, an orc warrior and an orc.

Vanquished Creatures
  A black bear (D:7)
  2 ogres
  2 centaurs
  4 bullfrogs
  A crimson imp (D:6)
  A quasit (D:6)
  A jelly (D:6)
  3 orc priests
  Terence (D:2)
  An iguana (D:6)
  An orc wizard (D:6)
  2 worker ants
  A hound zombie (D:5)
  A hound skeleton (D:5)
  2 worker ant zombies
  8 gnolls
  11 adders
  A shadow imp (D:6)
  2 oozes (D:3)
  An adder zombie (D:6)
  An adder skeleton (D:6)
  A dart slug (D:2)
  4 leopard geckos
  16 orcs
  9 bats
  6 giant cockroaches
  3 goblins
  4 hobgoblins
  2 jackals (D:4)
  4 quokkas
  3 ball pythons
  A frilled lizard (D:5)
  A giant cockroach zombie (D:5)
  5 kobolds
  A leopard gecko skeleton (D:4)
  4 rats
112 creatures vanquished.

Notes
Turn   | Place    | Note
-------+----------+-------------------------------------------
     0 | D:1      | SedStubbie the Demigod Conjurer began the quest for the Orb.
     0 | D:1      | Reached XP level 1. HP: 14/14 MP: 5/5
   496 | D:1      | Reached XP level 2. HP: 20/20 MP: 4/7
   839 | D:2      | Reached XP level 3. HP: 26/26 MP: 2/9
   909 | D:2      | Reached skill level 4 in Conjurations
  1073 | D:2      | Found a basalt altar of Yredelemnul.
  1162 | D:2      | Noticed Terence
  1176 | D:2      | Killed Terence
  1176 | D:2      | Reached XP level 4. HP: 30/33 MP: 1/10
  1335 | D:2      | Noticed a bullfrog
  1342 | D:2      | Killed a bullfrog
  1690 | D:2      | Learned a level 2 spell: Searing Ray
  1696 | D:3      | Reached XP level 5. HP: 38/38 MP: 6/12
  2539 | D:3      | Found a blossoming altar of Fedhas.
  2540 | D:3      | Found a snail-covered altar of Cheibriados.
  2975 | D:4      | Reached XP level 6. HP: 12/45 MP: 5/14
  3277 | D:4      | Reached skill level 5 in Conjurations
  3762 | D:5      | Entered Level 5 of the Dungeon
  3899 | D:5      | Found an ancient bone altar of Kikubaaqudgha.
  4210 | D:5      | Found a shadowy altar of Dithmenos.
  4426 | D:5      | Found a staircase to the Ecumenical Temple.
  4688 | D:6      | Reached XP level 7. HP: 27/50 MP: 8/16
  4867 | D:6      | Found a glowing golden altar of the Shining One.
  4979 | D:6      | Noticed a hornet
  5332 | D:6      | Reached skill level 5 in Dodging
  5594 | D:6      | Reached skill level 6 in Conjurations
  5745 | D:5      | Found a sacrificial altar of Ru.
  6049 | D:6      | Found a hide-covered altar of Uskayaw.
  6262 | D:7      | Reached skill level 5 in Spellcasting
  6390 | D:7      | Reached XP level 8. HP: 57/57 MP: 10/19
  6480 | D:7      | Found a flagged portal.
  6491 | Bailey   | Entered a bailey
  6491 | Bailey   | Noticed an orc knight
  6491 | Bailey   | Noticed an orc knight
  6491 | Bailey   | Noticed an orc knight
  6492 | Bailey   | Noticed an orc knight
  6501 | Bailey   | Demolished by an orc knight

Skill      XL: |  1  2  3  4  5  6  7 |
---------------+----------------------+-----
Stealth        | 2 |  2.0
Dodging        | 2 3 4 5 |  5.5
Spellcasting   | 2 3 4 5 |  5.1
Conjurations   | 4 5 6 |  6.4

Action                   |  1- 3 |  4- 6 |  7- 9 || total
-------------------------+-------+-------+-------++-------
Melee: Unarmed           |     8 |       |       ||     8
       Dagger            |    15 |    22 |    37 ||    74
 Cast: Magic Dart        |    75 |   167 |   103 ||   345
       Searing Ray       |       |     5 |     2 ||     7
  Use: Potion            |     2 |       |     4 ||     6
       Scroll            |     6 |     4 |     7 ||    17
 Stab: Sleeping          |       |       |     2 ||     2
  Eat: Chunk             |     1 |     7 |     3 ||    11
       Ration            |       |     1 |     1 ||     2
Armor: Robe              |    15 |     7 |    23 ||    45
Dodge: Dodged            |    28 |    60 |    77 ||   165
